 Dungeon Crawl Stone Soup version 0.26.0-10-g1f06aea511 (webtiles) character file.

Game seed: 5540812319161623398

10 MajorAdolf the Magician (level 2, -1/22 HPs)
             Began as a Naga Wanderer on Jan 16, 2021.
             Slain by a jackal (3 damage)
             ... on level 1 of the Dungeon.
             The game lasted 00:02:22 (628 turns).

MajorAdolf the Magician (Naga Wanderer)              Turns: 628, Time: 00:02:23

Health: -1/22      AC:  2    Str: 13    XL:     2   Next: 20%
Magic:  0/6        EV:  9    Int: 13    God:
Gold:   24         SH:  0    Dex: 10    Spells: 6/7 levels left

rFire    + . .     SeeInvis +   a - +0 mace
rCold    + . .     Faith    .   (no shield)
rNeg     . . .     Spirit   .   e - +1 robe {rC+ rF+}
rPois    +         Reflect  .   (no helmet)
rElec    .         Harm     .   (no cloak)
rCorr    .         Rampage  .   (no gloves)
Will     .....                  (no barding)
Stlth    ++........             (no amulet)
HPRegen  0.07/turn              (no ring)
MPRegen  0.10/turn              (no ring)

@: about to teleport, very slightly contaminated, very slow
A: large, see invisible, deformed body, poison resistance, slowness 2, spit
poison 1, AC +0
a: Spit Poison


You were on level 1 of the Dungeon.
You visited 1 branch of the dungeon, and saw 1 of its levels.

You collected 24 gold pieces.

Inventory:

Hand Weapons
 a - a +0 mace (weapon)
Armour
 d - a +0 robe
 e - a +1 robe of resistance (worn)
Scrolls
 b - a scroll of remove curse {unknown}


   Skills:
 - Level 2.0 Maces & Flails
 - Level 1.0 Armour
 - Level 1.5 Stealth
 - Level 1.0 Shields
 + Level 3.0 Spellcasting
 - Level 1.0 Translocations
 + Level 2.1 Fire Magic


You had 6 spell levels left.
You knew the following spells:

 Your Spells              Type           Power        Failure   Level
a - Foxfire               Conj/Fire      16%          16%         1

Your spell library contained the following spells:

 Spells                   Type           Power        Failure   Level
 Conjure Flame            Conj/Fire      4%           41%         3
 Inner Flame              Hex/Fire       4%           41%         3
 Sticky Flame             Conj/Fire      4%           83%         4
 Fireball                 Conj/Fire      2%           99%         5


Dungeon Overview and Level Annotations

Branches:
Dungeon (1/15)

Altars:


Innate Abilities, Weirdness & Mutations

You cannot wear boots.
Your serpentine skin is tough. (AC +0)
You have supernaturally acute eyesight. (SInv)
Armour fits poorly on your strangely shaped body.
Your system is resistant to poisons. (rPois)
You cover ground very slowly.
You can spit poison.


Message History

* * * LOW HITPOINT WARNING * * *
The jackal barely misses you.
The foxfire hits the rat.
The rat is severely wounded.
The jackal bites you but does no damage.
The jackal closely misses you.
The foxfire hits the jackal.
You kill the jackal!
The jackal bites you but does no damage.
The jackal bites you.
* * * LOW HITPOINT WARNING * * *
The jackal closely misses you.
Unknown command.
As you read the scroll of teleportation, it crumbles to dust.
You feel strangely unstable. The jackal closely misses you. The rat bites you.
* * * LOW HITPOINT WARNING * * *
The jackal closely misses you.
The jackal bites you but does no damage.
Unknown command.
The jackal barely misses you. The jackal bites you.
You die...

#.....#........
#.....#........
#.....#########
#.....#
#.....#######
#............ .
#.....#######...†
#...hr...........
##..@h#######!...
###'#...... .
#.#.#####
#######.......#
#.............#
#.#####.......#
#.......#
#.......#
###.#####


You could see 2 jackals and a rat.

Vanquished Creatures
  2 goblins (D:1)
  A hobgoblin (D:1)
  A jackal (D:1)
  2 kobolds (D:1)
  A ball python (D:1)
  3 rats (D:1)
10 creatures vanquished.

Vanquished Creatures (others)
  31 foxfires (D:1)
31 creatures vanquished.

Grand Total: 41 creatures vanquished

Notes
Turn   | Place    | Note
-------+----------+-------------------------------------------
     0 | D:1      | MajorAdolf the Naga Wanderer began the quest for the Orb.
     0 | D:1      | MajorAdolf set off with the following items: a +0 mace, a
                  | scroll of teleportation, a +0 robe; and the following spell
                  | memorised: Foxfire; and the following spells available to
                  | memorise: Conjure Flame, Inner Flame, Sticky Flame,
                  | Fireball
     0 | D:1      | Reached XP level 1. HP: 15/15 MP: 4/4
   217 | D:1      | Reached XP level 2. HP: 14/22 MP: 0/6
   628 | D:1      | Slain by a jackal

Illustrated notes

Levels and vault maps discovered:
D:1:      onia_arrival_handbag, layout_basic

Skill      XL: |  1 |
---------------+----+-----
Fire Magic     | 2 |  2.1
Maces & Flails | |  2.0
Armour         | |  1.0
Stealth        | |  1.5
Shields        | |  1.0
Spellcasting   | |  3.0
Translocations | |  1.0

Action                   || total
-------------------------++-------
 Cast: Foxfire           ||    21
  Use: Scroll            ||     1
Armor: Robe              ||     3
Dodge: Dodged            ||    17
